 Dungeon Crawl Stone Soup version 0.26-a0-710-g95a0c6c400 (webtiles) character file.

Game seed: 8565378337936511041

95 jiml777 the Gusty (level 4, -4/24 HPs)
             Began as a Deep Elf Air Elementalist on Oct 30, 2020.
             Slain by Grinder (7 damage)
             ... while paralysed by Grinder
             ... on level 3 of the Dungeon on Oct 31, 2020.
             The game lasted 00:13:51 (2052 turns).

jiml777 the Gusty (Deep Elf Air Elementalist)       Turns: 2052, Time: 00:13:52

Health: -4/24      AC:  3    Str:  5    XL:     4   Next: 39%
Magic:  7/11       EV:  2    Int: 21    God:
Gold:   110        SH:  0    Dex: 15    Spells: 0/10 levels left

rFire    . . .     SeeInvis .   c - +1 short sword
rCold    . . .     Faith    .   (no shield)
rNeg     . . .     Spirit   .   h - +1 robe
rPois    .         Reflect  .   (no helmet)
rElec    .         Harm     .   (no cloak)
rCorr    .         Rampage  .   (no gloves)
MR       .....                  (no boots)
Stlth    ++........             (no amulet)
HPRegen  0.08/turn              q - -4 ring of evasion (curse)
MPRegen  0.12/turn              (no ring)

@: paralysed
A: no striking features
a: no special abilities


You were on level 3 of the Dungeon.
You visited 1 branch of the dungeon, and saw 3 of its levels.

You collected 110 gold pieces.

Inventory:

Hand Weapons
 c - a +1 short sword (weapon)
Armour
 b - a +0 buckler
 h - a +1 robe (worn)
Jewellery
 o - an uncursed amulet of faith
 q - a cursed -4 ring of evasion (left hand)
Wands
 m - a wand of flame (20)
Scrolls
 f - a scroll of fog
 i - a scroll of enchant weapon
Potions
 a - a potion of stabbing {unknown}
 d - a potion of invisibility {unknown}
 e - a potion of might {unknown}
 j - a potion of resistance {unknown}
 l - a potion of curing {unknown}
 p - a potion of heal wounds {unknown}


   Skills:
 + Level 2.5 Dodging
 + Level 2.9 Stealth
 + Level 3.9 Spellcasting
 + Level 2.4 Conjurations
 + Level 4.1 Air Magic


You couldn't memorise any spells.
You knew the following spells:

 Your Spells              Type           Power        Failure   Level
a - Shock                 Conj/Air       ###.         3%          1
b - Swiftness             Air            ###.....     3%          2
c - Static Discharge      Conj/Air       ###.....     10%         3
d - Airstrike             Air            ###.......   22%         4

Your spell library contained the following spells:

 Spells                   Type           Power        Failure   Level
 Lightning Bolt           Conj/Air       ###.......   65%         5


Dungeon Overview and Level Annotations

Branches:
Dungeon (3/15)

Altars:
Gozag

Annotations:
D:3 Grinder


Message History

Aiming: Shock (safe; 3% risk of failure)
Press: ? - help, Shift-Dir - straight line The zap hits Grinder.
Grinder is moderately wounded.
Grinder shouts!
The zap misses Grinder.
Grinder hits you.
You writhe in agony.
* * * LOW HITPOINT WARNING * * *
Found a stone staircase leading down.
Grinder gestures at you. You resist with significant effort.
Grinder gestures at you.
You suddenly lose the ability to move!
Grinder gestures at you. Pain shoots through your body!
* * * LOW HITPOINT WARNING * * *
Grinder says, "You look like you could use a good racking."
Grinder hits you but does no damage. Grinder hits you but does no damage.
Grinder hits you!
You die...

........8. #.#
.......... #.#
.........# #.#
.........###.#
?........).#.#
.........#.#.#
###.o..##...####
#..##K###.....#
#. #.# ##.5@.# .
#g# ####.# ###Z#
... ###...#####
.....
#........§b
#...>..
#.......§§§
......
#....5..§§§.
#.....
#..../§§§§..
.....
#......§§§§. .


You could see Grinder.

Vanquished Creatures
  Terence (D:2)
  A hound skeleton (D:3)
  2 adders (D:2)
  A worm (D:2)
  2 orcs (D:3)
  A ball python (D:1)
  3 goblins
  6 hobgoblins
  3 kobolds
  2 quokkas (D:2)
  9 bats
  3 frilled lizards
  3 rats
37 creatures vanquished.

Vanquished Creatures (others)
  A withered plant (D:3)
1 creature vanquished.

Grand Total: 38 creatures vanquished

Notes
Turn   | Place    | Note
-------+----------+-------------------------------------------
     0 | D:1      | jiml777 the Deep Elf Air Elementalist began the quest for
                  | the Orb.
     0 | D:1      | Reached XP level 1. HP: 10/10 MP: 6/6
   269 | D:1      | Reached XP level 2. HP: 15/15 MP: 4/8
  1026 | D:2      | Noticed Terence
  1035 | D:2      | Reached XP level 3. HP: 19/19 MP: 4/9
  1053 | D:2      | Killed Terence
  1053 | D:2      | Reached skill level 4 in Air Magic
  1639 | D:2      | Found an opulent altar of Gozag.
  1898 | D:2      | Reached XP level 4. HP: 24/24 MP: 9/11
  1943 | D:3      | Noticed Grinder
  1949 | D:2      | Learned a level 2 spell: Swiftness
  1953 | D:2      | Learned a level 3 spell: Static Discharge
  1958 | D:2      | Learned a level 4 spell: Airstrike
  1961 | D:3      | Paralysed by Grinder for 5 turns
  2046 | D:3      | Paralysed by Grinder for 7 turns
  2052 | D:3      | Slain by Grinder

Illustrated notes

Levels and vault maps discovered:
D:1:      saegor_arrival_under_anarchy, layout_loops_ring
D:2:      mumra_celtic_spiral_tile, layout_rooms,
          nicolae_overflow_crystal_walls, uniq_terence
D:3:      layout_rooms, gammafunk_temple_overflow_elements, serial_undead,
          serial_undead_e, serial_undead_a, serial_undead_b, serial_undead_c,
          serial_undead_d, serial_undead_d, serial_undead_e, serial_undead_a,
          uniq_grinder

Skill      XL: |  1  2  3  4 |
---------------+-------------+-----
Air Magic      | 4 |  4.1
Conjurations   | 2 |  2.4
Dodging        | |  2.5
Stealth        | |  2.9
Spellcasting   | |  3.9

Action                   |  1- 3 |  4- 6 || total
-------------------------+-------+-------++-------
Melee: Short sword       |     1 |     1 ||     2
 Cast: Shock             |    61 |    12 ||    73
       Swiftness         |       |     1 ||     1
Evoke: Wand              |       |     1 ||     1
  Use: Scroll            |     5 |       ||     5
Armor: Robe              |     7 |     6 ||    13
Dodge: Dodged            |    10 |     7 ||    17

Table legend: (Time is in decaauts)
 A = Elapsed time spent in this place.
 B = Non-inter-level travel time spent in this place.
 C = Inter-level travel time spent in this place.
 D = Time resting spent in this place.
 E = Time spent auto-exploring this place.
 F = Levels seen in this place.
 G = Mean time per level.
                   A        B        C        D        E       F      G
               +--------+--------+--------+--------+--------+-----+--------+
         Total |   2047 |   2047 |      0 |    543 |   1044 |   3 |  682.3 |
       Dungeon |   2047 |   2047 |      0 |    543 |   1044 |   3 |  682.3 |
               +--------+--------+--------+--------+--------+-----+--------+

Top non-repeatable levels by time:
     D:2: 1154 daAuts
     D:1: 801 daAuts
     D:3: 90 daAuts
